 Dungeon Crawl Stone Soup version 0.29.1-4-g47bece8355 (webtiles) character file.

Game seed: 18357409033137622605

25 zeram the Sneak (level 3, 0/21 HPs)
             Began as an Octopode Enchanter on Dec 11, 2022.
             Slain by a kobold
             ... wielding a +0 dagger
              (3 damage)
             ... on level 1 of the Dungeon.
             The game lasted 00:01:03 (558 turns).

zeram the Sneak (Octopode Enchanter)                 Turns: 558, Time: 00:01:04

Health: 0/21       AC:  1    Str:  7    XL:     3   Next: 6%
Magic:  6/6        EV: 13    Int: 19    God:
Gold:   55         SH:  0    Dex: 12    Spells: 6/6 levels left

rFire   . . .      SeeInvis .   a - +1 dagger
rCold   . . .      Faith    .   (no shield)
rNeg    . . .      Spirit   .   (helmet restricted)
rPois   .          Reflect  .   (no amulet)
rElec   .          Harm     .   (no ring)
rCorr   .          Rampage  .   (no ring)
Will    .....                   (no ring)
Stlth   ++++......              (no ring)
HPRegen 0.07/turn               (no ring)
MPRegen 0.10/turn               (no ring)
                                (no ring)
                                (no ring)

@: flying
A: almost no armour, amphibious, 8 rings, camouflage 1, gelatinous body 1,
(nimble swimmer 1), tentacles, tentacle spike 1, noise suppression
a: no special abilities


You were on level 1 of the Dungeon.
You visited 1 branch of the dungeon, and saw 1 of its levels.

You collected 55 gold pieces.

Inventory:

Hand Weapons
 a - a +1 dagger (weapon)
Jewellery
 g - an amulet of regeneration
Scrolls
 d - a scroll of identify {unknown}
 e - a scroll of noise {unknown}
 h - a scroll of teleportation {unknown}
Potions
 b - 2 potions of invisibility


   Skills:
 + Level 1.1 Short Blades
 + Level 2.5 Dodging
 + Level 4.4 Stealth
 + Level 2.2 Spellcasting
 + Level 3.3 Hexes


You had 6 spell levels left.
You didn't know any spells.
Your spell library contained the following spells:

 Spells                   Type           Power      Damage    Failure   Level
 Ensorcelled Hibernation  Hex/Ice        16%        N/A       13%         2
 Confusing Touch          Hex            14%        N/A       13%         3
 Tukima's Dance           Hex            14%        N/A       13%         3
 Dazzling Flash           Conj/Hex       16%        N/A       26%         3
 Dispersal                Tloc           1%         N/A       100%        6
 Disjunction              Tloc           1%         N/A       100%        8


Dungeon Overview and Level Annotations

Branches:
Dungeon (1/15)

Altars:


Innate Abilities, Weirdness & Mutations

You cannot wear most types of armour.
You are amphibious.
You can wear up to eight rings at the same time.
Your skin changes colour to match your surroundings (Stealth+).
Your rubbery body absorbs attacks. (AC +1, EV +1)
((You are camouflaged when in or above water. (Stealth+)))
You have tentacles for arms and can constrict up to eight enemies at once.
One of your tentacles bears a spike.
You passively dampen the noise of your surroundings.


Message History

The jackal is almost dead.
You constrict the jackal, but do no damage.
The jackal closely misses you. The jackal barely misses you.
You hit the jackal.
You kill the jackal!
You hit the jackal. You grab the jackal.
The jackal is lightly wounded.
You constrict the jackal. The jackal bites you.
* * * LOW HITPOINT WARNING * * *
The jackal closely misses you.
You hit the jackal. You squeeze the jackal.
You kill the jackal!
You have reached level 3!
Your experience leads to an increase in your attributes!
Increase (S)trength, (I)ntelligence, or (D)exterity?
You feel clever. x2
You completely miss the jackal. You grab the jackal. You squeeze the jackal.
The jackal is moderately wounded.
You constrict the jackal, but do no damage.
The jackal bites you.
* * * LOW HITPOINT WARNING * * *
You completely miss the jackal.
The jackal is moderately wounded.
You constrict the jackal, but do no damage.
The jackal bites you.
* * * LOW HITPOINT WARNING * * *
The jackal bites you.
* * * LOW HITPOINT WARNING * * *
You don't know any spells.
It was a potion of mutation.
You feel extremely strange.
You feel your surroundings grow quieter.
One of your lower tentacles grows a sharp spike.
You constrict the jackal. The jackal barely misses you.
It was a potion of flight.
You feel very buoyant.
You fly up into the air.
You constrict the jackal.
You kill the jackal!
You hit the kobold but do no damage. Your grab misses the kobold.
Your squeeze misses the kobold. The kobold hits you with a +0 dagger.
You die...

.............#..........# #.....
.............##.###.....###.)....
.............##.# ##......#......
##############..# #.#......#....
#......# #...#......... #.....=#
###....#...... #.....##
##.†........ #.....####
#...........
#....gK@.####.#.###...##
#.....##!!......##...... #.....#
##......#....... #.....#
#..#......#..).. #....[#
#.##............ #......
.......####..... #.....# ###.>.
#..... #.....# #.... #..... #+##.
######


You could see a goblin and a kobold.

Vanquished Creatures
  2 ball pythons (D:1)
  4 endoplasms (D:1)
  A giant cockroach (D:1)
  3 goblins (D:1)
  3 jackals (D:1)
  3 kobolds (D:1)
  A quokka (D:1)
  2 bats (D:1)
  2 rats (D:1)
21 creatures vanquished.

Notes
Turn   | Place    | Note
-------+----------+-------------------------------------------
     0 | D:1      | zeram the Octopode Enchanter began the quest for the Orb.
     0 | D:1      | Reached XP level 1. HP: 11/11 MP: 3/3
   217 | D:1      | Reached XP level 2. HP: 17/17 MP: 5/5
   437 | D:1      | Found a faded altar of an unknown god.
   554 | D:1      | Reached XP level 3. HP: 6/21 MP: 6/6
   556 | D:1      | Gained mutation: You passively dampen the noise of your
                  | surroundings. [potion of mutation]
   556 | D:1      | Gained mutation: One of your tentacles bears a spike.
                  | [potion of mutation]
   558 | D:1      | Slain by a kobold

Illustrated notes

Levels and vault maps discovered:
D:1:      dpeg_arrival_boxes_within_box, layout_rooms,
          chequers_ecumenical_altar_simple, minivault_14, dk_noncrumbling_3

Action                   || total
-------------------------++-------
Melee: Dagger            ||    48
       Tentacles         ||    14
       Constrict         ||     9
       Punch             ||     1
  Use: Potion            ||     2
 Stab: Sleeping          ||     5
Armor: Skin              ||    10
Dodge: Dodged            ||    24
